 Dungeon Crawl Stone Soup version 0.22-a0-406-g9ff8d77 (webtiles) character file.

32 dstrtnsr the Chopper (level 3, -2/49 HPs)
             Began as a Minotaur Berserker on May 9, 2018.
             Was a Follower of Trog.
             Slain by a gnoll
             ... wielding a cursed +0 spear
              (7 damage)
             ... on level 3 of the Dungeon.
             The game lasted 00:00:35 (796 turns).

dstrtnsr the Chopper (Minotaur Berserker)            Turns: 796, Time: 00:00:35

Health: -2/49      AC:  2    Str: 27    XL:     3   Next: 8%
Magic:  2/2        EV: 12    Int:  4    God:    Trog [*.....]
Gold:   71         SH:  0    Dex:  9    Spells: 2/2 levels left

rFire    . . .     SeeInvis .   a - +0 hand axe
rCold    . . .     Gourm    .   (no shield)
rNeg     . . .     Faith    .   b - +0 animal skin
rPois    .         Spirit   .   (helmet restricted)
rElec    .         Reflect  .   (no cloak)
rCorr    .         Harm     .   (no gloves)
MR       .....                  (no boots)
Stlth    ..........             (no amulet)
HPRegen  0.16/turn              (no ring)
MPRegen  0.08/turn              (no ring)

@: berserking, very quick
A: retaliatory headbutt, horns 2
a: Berserk, Renounce Religion


You were on level 3 of the Dungeon.
You worshipped Trog.
Trog was aware of your devotion.
You were hungry.

You visited 1 branch of the dungeon, and saw 3 of its levels.

You collected 71 gold pieces.

Inventory:

Hand Weapons
 a - a +0 hand axe (weapon)
Armour
 b - a +0 animal skin (worn)
Scrolls
 c - 2 scrolls of identify {unknown}
 g - a scroll of remove curse {unknown}
Potions
 f - a potion of cancellation {unknown}
 h - a potion of might {unknown}
 i - 2 potions of resistance {unknown}
Comestibles
 d - 3 chunks of flesh
 e - 3 rations {!d}


   Skills:
 + Level 4.2 Fighting
 * Level 4.7 Axes
 - Level 2.4 Armour
 - Level 2.1 Dodging


You had 2 spell levels left.
You didn't know any spells.

Dungeon Overview and Level Annotations

Branches:
Dungeon (3/15)

Altars:

Annotations:
D:3 tstbtto's ghost, amateur GrFi


Innate Abilities, Weirdness & Mutations

You reflexively headbutt those who attack you in melee.
You have a pair of horns on your head.


Message History

You have reached level 3!
Your experience leads to an increase in your attributes!
Increase (S)trength, (I)ntelligence, or (D)exterity?
You feel stronger.
Unknown command.
(D) Dungeon
Where to? (Enter - D:2 @ (x,y), ? - help)
There is a stone staircase leading down here.
You can't go up here!
You climb downwards.
A rat comes into view.
There is a stone staircase leading up here.
Unknown command.
Unknown command.
Unknown command.
Found 16 stones.
You enter a teleport trap!
The teleport trap disappears.
Your surroundings suddenly seem different.
Found 7 tomahawks.
No target in view!
No target in view!
Found a stone staircase leading down.
A hobgoblin opens the door.
It is wielding a club.
The hobgoblin shouts!
Found 2 amethyst potions and a ration.
A hobgoblin is nearby!
You slash the hobgoblin!
You kill the hobgoblin!
Trog accepts your kill.
A rat comes into view.
There is an open door here.
Things that are here:
a club; a hobgoblin corpse A rat is nearby!
A rat is nearby!
You hit the rat.
You kill the rat!
Trog accepts your kill.
Key pressed, stopping explore.
You butcher the rat corpse.
d - 2 chunks of flesh (gained 1)
You see here a rat skeleton. x2
i - 2 amethyst potions No target in view!
You butcher the hobgoblin corpse.
d - 3 chunks of flesh (gained 1)
There is an open door here.
You see here a club.
There is an open door here.
You see here a club.
e - 3 rations {!d} (gained 1)
An ice beast, a hobgoblin, 2 gnolls and a player ghost come into view.
The gnoll shouts!
Tstbtto's ghost turns its malevolent gaze towards you.
The gnoll shouts!
You hear a shout!
The hobgoblin shouts!
The gnoll moves out of view.
You hear an angry hiss.
A gnoll comes into view. It is wielding a whip.
You hit the ice beast but do no damage. Your headbutt misses the ice beast.
You hit the hobgoblin. The hobgoblin barely misses you. The ice beast hits you.
The ice beast freezes you.
There are monsters nearby!
You closely miss the hobgoblin.
The hobgoblin is heavily wounded.
You hit the ice beast. The hobgoblin hits you with a club.
The ice beast hits you. The ice beast freezes you!
* * * LOW HITPOINT WARNING * * *
A gnoll comes into view. It is wielding a flail.
There are monsters nearby!
You are too injured to fight recklessly!
There are monsters nearby!
There are monsters nearby!
You are too injured to fight recklessly!
You are too injured to fight recklessly!
There are monsters nearby!
There are monsters nearby!
Unknown command.
A red film seems to cover your vision as you go berserk!
You feel yourself moving faster!
You feel mighty!
You are feeling hungry.
The hobgoblin closely misses you.
You are too injured to fight recklessly!
You are too injured to fight recklessly!
You are too injured to fight recklessly!
You are too injured to fight recklessly!
You are too injured to fight recklessly!
You closely miss the hobgoblin.
The hobgoblin is heavily wounded.
The gnoll hits you from afar with a spear.
* * * LOW HITPOINT WARNING * * *
You slash the hobgoblin!
You kill the hobgoblin!
Trog accepts your kill.
The gnoll hits you from afar with a spear.
* * * LOW HITPOINT WARNING * * *
Things that are here:
a club; a hobgoblin corpse You barely miss the gnoll.
Your headbutt misses the gnoll. The gnoll hits you with a spear!
You die...

#+# . #.# ..
#.# .g. #.#
.... #.#
..gg.##.######
......WY.....#
#g# #@# #.#
#.# #.#
#.#####
#.....#
#.....# #
#.....#
#.###.#######


You could see an ice beast, tstbtto's ghost and a gnoll.

Vanquished Creatures
  An ooze (D:2)
  2 dart slugs
  A leopard gecko (D:2)
  2 bats
  A giant cockroach (D:1)
  3 goblins (D:1)
  5 hobgoblins
  A jackal (D:1)
  A kobold (D:1)
  2 rats
19 creatures vanquished.

Notes
Turn   | Place    | Note
-------+----------+-------------------------------------------
     0 | D:1      | dstrtnsr the Minotaur Berserker began the quest for the Orb.
     0 | D:1      | Reached XP level 1. HP: 19/19 MP: 0/0
   123 | D:1      | Reached XP level 2. HP: 24/27 MP: 1/1
   717 | D:2      | Reached XP level 3. HP: 31/33 MP: 2/2
   787 | D:3      | Noticed an ice beast
   787 | D:3      | Noticed tstbtto's ghost (amateur GrFi)
   789 | D:3      | HP: 9/33 [ice beast (10)]
   794 | D:3      | HP: 4/49 [gnoll/spear (4)]
   796 | D:3      | Slain by a gnoll

Vault maps used:
D:1:      dpeg_arrival_round_c, roderic_serpentine_path,
          corexii_leaking_fountain, minmay_small_reverse_x
D:2:      interstate_on_off
D:3:      uniq_jessica

Skill      XL: |  1  2 |
---------------+-------+-----
Axes           | 4 |  4.7
Fighting       | 4 |  4.2
Armour         | |  2.4
Dodging        | |  2.1

Action                   || total
-------------------------++-------
Melee: Hand axe          ||    47
       Headbutt          ||     2
Invok: Berserk           ||     1
Armor: Animal skin       ||     9
Dodge: Dodged            ||    29

Table legend:
 A = Spawn XP
 B = Non-spawn XP
 C = Spawn XP percentage of total XP
 D = Spawn monster count
 E = Non-spawn monster count
 F = Spawn count percentage of total count
 G = Total turns spent on level
                    A         B        C        D         E        F      G
               +---------+---------+-------+---------+---------+-------+---------
         Total |       0 |      46 |   0.0 |       0 |      19 |   0.0 |   796
               +---------+---------+-------+---------+---------+-------+---------
           D:1 |       0 |      20 |   0.0 |       0 |       9 |   0.0 |   295
           D:2 |       0 |      21 |   0.0 |       0 |       7 |   0.0 |   447
           D:3 |       0 |       5 |   0.0 |       0 |       3 |   0.0 |    54
               +---------+---------+-------+---------+---------+-------+---------
